NWL
CHICAGO A (SS-A) WHITE SOX @ TRI-CITY DUST DEVILS
10/08/2080
 
TOP OF THE 1ST
Chicago A (SS-A) White Sox batting - Pitching for Tri-City Dust Devils : RHP Andres Vega
Pitching: RHP Andres Vega
Batting: RHB Chris Cooley 0-0: Ball
1-0: Ball
2-0: Fly out, F8 (Flyball, 8RD, EV 92.5 MPH)
Batting: SHB Nasson Vogel 0-0: Called Strike
0-1: Called Strike
0-2: Ball
1-2: Foul Ball, location: 2F
1-2: Ball
2-2: Ball
3-2: Ground out 4-3 (Groundball, 34, EV 88.8 MPH)
Batting: LHB Andy Bowers 0-0: Called Strike
0-1: Ball
1-1: Called Strike
1-2: Ball
2-2: Strikes out swinging
Top of the 1st over - 0 runs, 0 hits, 0 errors, 0 left on base; Chicago A (SS-A) 0 - Tri-City 0
BOTTOM OF THE 1ST
Tri-City Dust Devils batting - Pitching for Chicago A (SS-A) White Sox : RHP Rich Mitchell
Pitching: RHP Rich Mitchell
Batting: RHB Bill Anderson 0-0: Called Strike
0-1: Ball
1-1: Foul Ball, location: 2F
1-2: DOUBLE (Groundball, 5L, EV 103.1 MPH)
Batting: RHB Joe Coite 0-0: Called Strike
0-1: Ball
1-1: Ball
2-1: Foul Ball, location: 2F
2-2: Ball
3-2: Fly out, F8 (Flyball, 78M, EV 91.9 MPH)
Batting: SHB David Perez 0-0: Ball
1-0: Called Strike
1-1: Reached on error, E1 (Groundball, 15S, EV 73.8 MPH)
Bill Anderson scores
Batting: RHB Glenn Boshers 0-0: Called Strike
0-1: Ball
1-1: SINGLE (Line Drive, 8LS, EV 100.0 MPH)
David Perez to third
Batting: RHB Ian Goldsmith 0-0: Ball
Wild Pitch!
David Perez scores
Glenn Boshers to second
1-0: Ball
Glenn Boshers is caught stealing 3rd base 2-5
2-0: Foul Ball, location: 2F
2-1: Foul Ball, location: 2F
2-2: DOUBLE (Line Drive, 3D, EV 105.0 MPH)
Batting: LHB Rodrigo Breaut 0-0: Ball
1-0: Foul Ball, location: 2F
1-1: SINGLE (Line Drive, 7LS, EV 100.0 MPH)
Ian Goldsmith to third
Runner from 3rd tries for Home, SAFE, throw by LF to home
Batting: RHB Sergio Farias 0-0: Called Strike
Rodrigo Breaut steals 2nd base (no throw)
0-1: Swinging Strike
0-2: Foul Ball, location: 2F
0-2: Ball
1-2: Fly out, F3 (Flyball, 34D, EV 89.4 MPH)
Bottom of the 1st over - 3 runs, 4 hits, 1 error, 1 left on base; Chicago A (SS-A) 0 - Tri-City 3
TOP OF THE 2ND
Chicago A (SS-A) White Sox batting - Pitching for Tri-City Dust Devils : RHP Andres Vega
Batting: SHB Victor Jimenez 0-0: Swinging Strike
0-1: Ball
1-1: Ball
2-1: Ball
3-1: Swinging Strike
3-2: Base on Balls
Batting: LHB James Michael 0-0: Called Strike
0-1: Ball
1-1: Swinging Strike
1-2: Strikes out looking
Batting: RHB Jason King 0-0: Ball
1-0: Ball
2-0: Foul Ball, location: 2F
2-1: Called Strike
2-2: Foul Ball, location: 2F
2-2: Ball
3-2: Base on Balls
Victor Jimenez to second
Batting: RHB Chase Norris 0-0: Called Strike
Victor Jimenez is caught stealing 3rd base 2-5
Jason King to second
0-1: Ball
1-1: Foul Ball, location: 2F
1-2: Ball
2-2: Foul Ball, location: 2F
2-2: Foul Ball, location: 2F
2-2: Ball
3-2: Base on Balls
Batting: RHB Manny Robles 0-0: Ball
1-0: Ball
2-0: Called Strike
2-1: Ball
3-1: Swinging Strike
3-2: Base on Balls
Jason King to third
Chase Norris to second
Batting: RHB Roy Kincaid 0-0: Called Strike
0-1: Ball
1-1: Foul Ball, location: 2F
1-2: Foul Ball, location: 2F
1-2: Ball
2-2: Ball
3-2: Foul Ball, location: 2F
3-2: Strikes out looking
Top of the 2nd over - 0 runs, 0 hits, 0 errors, 3 left on base; Chicago A (SS-A) 0 - Tri-City 3
BOTTOM OF THE 2ND
Tri-City Dust Devils batting - Pitching for Chicago A (SS-A) White Sox : RHP Rich Mitchell
Batting: LHB Daniel Ascencio 0-0: Called Strike
0-1: Ball
1-1: Foul Ball, location: 2F
1-2: Fly out, F8 (Line Drive, 8LD, EV 85.0 MPH)
Batting: RHB Craig Sturza 0-0: Ball
1-0: Called Strike
1-1: Ball
2-1: Ball
3-1: SINGLE (Groundball, 56D, EV 94.4 MPH)
Batting: RHB Bill Anderson 0-0: Ball
1-0: Ball
2-0: Swinging Strike
2-1: Fielders Choice at 2nd, 1-6 (Groundball, 13, EV 60.6 MPH)
Batting: RHB Joe Coite 0-0: Hit by Pitch
Bill Anderson to second
Batting: SHB David Perez 0-0: DOUBLE (Groundball, 5L, EV 102.5 MPH)
Bill Anderson scores
Joe Coite to third
Batting: RHB Glenn Boshers 0-0: Called Strike
0-1: Foul Ball, location: 2F
0-2: Strikes out swinging
Bottom of the 2nd over - 1 run, 2 hits, 0 errors, 2 left on base; Chicago A (SS-A) 0 - Tri-City 4
TOP OF THE 3RD
Chicago A (SS-A) White Sox batting - Pitching for Tri-City Dust Devils : RHP Andres Vega
Batting: RHB Chris Cooley 0-0: SINGLE (Flyball, 89S, EV 90.6 MPH)
Batting: SHB Nasson Vogel 0-0: Called Strike
0-1: Ball
1-1: Foul Ball, location: 2F
1-2: Foul Ball, location: 2F
1-2: Foul Ball, location: 2F
1-2: Ball
2-2: Fielders Choice at 2nd, 4-6 (Groundball, 13, EV 80.6 MPH)
Batting: LHB Andy Bowers 0-0: Called Strike
0-1: DOUBLE (Line Drive, 5D, EV 95.0 MPH)
Nasson Vogel to third
Batting: SHB Victor Jimenez 0-0: Swinging Strike
0-1: Swinging Strike
0-2: Ball
1-2: Ball
2-2: Foul Ball, location: 2F
2-2: Foul Ball, location: 2F
2-2: Strikes out swinging
Batting: LHB James Michael 0-0: Ball
1-0: Swinging Strike
1-1: Ground out 6-3 (Groundball, 6, EV 90.6 MPH)
Top of the 3rd over - 0 runs, 2 hits, 0 errors, 2 left on base; Chicago A (SS-A) 0 - Tri-City 4
BOTTOM OF THE 3RD
Tri-City Dust Devils batting - Pitching for Chicago A (SS-A) White Sox : RHP Rich Mitchell
Batting: RHB Ian Goldsmith 0-0: Swinging Strike
0-1: Ground out 5-3 (Groundball, 56, EV 100.0 MPH)
Batting: LHB Rodrigo Breaut 0-0: Swinging Strike
0-1: Ball
1-1: Swinging Strike
1-2: Foul Ball, location: 2F
1-2: SINGLE (Line Drive, 8LS, EV 102.5 MPH)
Batting: RHB Sergio Farias 0-0: Ball
1-0: Called Strike
1-1: Fly out, F3 (Popup, 23, EV 85.0 MPH)
Batting: LHB Daniel Ascencio 0-0: Called Strike
Rodrigo Breaut steals 2nd, throwing error, E2
Rodrigo Breaut to third
0-1: Ball
1-1: Ground out 5-3 (Groundball, 5L, EV 86.9 MPH)
Bottom of the 3rd over - 0 runs, 1 hit, 1 error, 1 left on base; Chicago A (SS-A) 0 - Tri-City 4
TOP OF THE 4TH
Chicago A (SS-A) White Sox batting - Pitching for Tri-City Dust Devils : RHP Andres Vega
Batting: RHB Jason King 0-0: Ball
1-0: Ball
2-0: Swinging Strike
2-1: Ball
3-1: Base on Balls
Batting: RHB Chase Norris 0-0: Ball
1-0: SINGLE (Groundball, 6MD, EV 95.0 MPH)
Jason King to second
Runner from 2nd tries for 3rd, OUT! 8-5
Batting: RHB Manny Robles 0-0: Called Strike
0-1: Grounds into double play, 4-6-3 (Groundball, 4, EV 82.5 MPH)
Top of the 4th over - 0 runs, 1 hit, 0 errors, 0 left on base; Chicago A (SS-A) 0 - Tri-City 4
BOTTOM OF THE 4TH
Tri-City Dust Devils batting - Pitching for Chicago A (SS-A) White Sox : RHP Rich Mitchell
Batting: RHB Craig Sturza 0-0: Ball
1-0: Ball
2-0: Ball
3-0: Base on Balls
Batting: RHB Bill Anderson 0-0: Reached on error, E3 (Groundball, 3S, EV 83.8 MPH)
Craig Sturza to second
Batting: RHB Joe Coite 0-0: Ball
Wild Pitch!
Craig Sturza to third
Bill Anderson to second
1-0: Called Strike
1-1: Foul Ball, location: 2F
1-2: Foul Ball, location: 2F
1-2: Ball
2-2: Ball
3-2: Foul Ball, location: 2F
3-2: Foul Ball, location: 2F
3-2: Hit by Pitch
Batting: SHB David Perez 0-0: Foul Ball, location: 2F
0-1: Ball
1-1: SINGLE (Groundball, 34S, EV 76.9 MPH) (infield hit)
Craig Sturza scores
Bill Anderson to third
Joe Coite to second
Batting: RHB Glenn Boshers 0-0: Ground out 5-3 (Groundball, 56S, EV 65.6 MPH)
Bill Anderson scores
Joe Coite to third
David Perez to second
Batting: RHB Ian Goldsmith 0-0: Called Strike
0-1: Ground out 4-3 (Groundball, 4, EV 109.4 MPH)
Joe Coite scores
David Perez to third
Pitching: RHP Jeff Webb
Batting: LHB Rodrigo Breaut 0-0: Called Strike
0-1: Swinging Strike
0-2: Fly out, F7 (Flyball, 7, EV 87.5 MPH)
Bottom of the 4th over - 3 runs, 1 hit, 1 error, 1 left on base; Chicago A (SS-A) 0 - Tri-City 7
TOP OF THE 5TH
Chicago A (SS-A) White Sox batting - Pitching for Tri-City Dust Devils : RHP Andres Vega
Batting: RHB Roy Kincaid 0-0: Ball
1-0: Foul Ball, location: 2F
1-1: Fly out, F8 (Flyball, 8LD, EV 78.1 MPH)
Batting: RHB Chris Cooley 0-0: Ball
1-0: Called Strike
1-1: Foul Ball, location: 2F
1-2: Foul Ball, location: 2F
1-2: Ball
2-2: Strikes out swinging
Batting: SHB Nasson Vogel 0-0: Called Strike
0-1: Ball
1-1: Ball
2-1: Ball
3-1: Base on Balls
Batting: LHB Andy Bowers 0-0: Ball
1-0: Foul Ball, location: 2F
1-1: Ball
2-1: Foul Ball, location: 2F
2-2: Foul Ball, location: 2F
2-2: Strikes out swinging
Top of the 5th over - 0 runs, 0 hits, 0 errors, 1 left on base; Chicago A (SS-A) 0 - Tri-City 7
BOTTOM OF THE 5TH
Tri-City Dust Devils batting - Pitching for Chicago A (SS-A) White Sox : RHP Jeff Webb
Batting: RHB Sergio Farias 0-0: Swinging Strike
0-1: Ball
1-1: Called Strike
1-2: Foul Ball, location: 2F
1-2: Foul Ball, location: 2F
1-2: Strikes out looking
Batting: LHB Daniel Ascencio 0-0: Ball
1-0: Called Strike
1-1: Foul Ball, location: 2F
1-2: Ball
2-2: Ball
3-2: Foul Ball, location: 2F
3-2: Base on Balls
Batting: RHB Craig Sturza 0-0: Called Strike
0-1: Foul Ball, location: 2F
0-2: Strikes out swinging
Batting: RHB Bill Anderson 0-0: Called Strike
Daniel Ascencio steals 2nd base
0-1: Ball
1-1: Foul Ball, location: 2F
1-2: Strikes out swinging, 2-3 out at first.
Bottom of the 5th over - 0 runs, 0 hits, 0 errors, 1 left on base; Chicago A (SS-A) 0 - Tri-City 7
TOP OF THE 6TH
Chicago A (SS-A) White Sox batting - Pitching for Tri-City Dust Devils : RHP Andres Vega
Pitching: RHP Malik Johnson
Batting: SHB Victor Jimenez 0-0: Called Strike
0-1: Ball
1-1: Foul Ball, location: 2F
1-2: Ground out U3 (Groundball, 3, EV 85.0 MPH)
Batting: LHB James Michael 0-0: Foul Ball, location: 2F
0-1: Foul Ball, location: 2F
0-2: Hit by Pitch
Batting: RHB Jason King 0-0: Called Strike
0-1: Fielders Choice at 2nd, 1-6 (Groundball, 13S, EV 63.8 MPH)
Batting: RHB Chase Norris 0-0: Called Strike
Jason King is caught stealing 2nd base 2-4
Top of the 6th over - 0 runs, 0 hits, 0 errors, 0 left on base; Chicago A (SS-A) 0 - Tri-City 7
BOTTOM OF THE 6TH
Tri-City Dust Devils batting - Pitching for Chicago A (SS-A) White Sox : RHP Jeff Webb
Batting: RHB Joe Coite 0-0: Ball
1-0: Called Strike
1-1: Called Strike
1-2: Strikes out swinging
Batting: SHB David Perez 0-0: Ball
1-0: Foul Ball, location: 2F
1-1: Ball
2-1: Ball
3-1: Ground out 3-1 (Groundball, 34, EV 105.6 MPH)
Batting: RHB Glenn Boshers 0-0: Ground out 4-3 (Groundball, 4MS, EV 86.2 MPH)
Bottom of the 6th over - 0 runs, 0 hits, 0 errors, 0 left on base; Chicago A (SS-A) 0 - Tri-City 7
TOP OF THE 7TH
Chicago A (SS-A) White Sox batting - Pitching for Tri-City Dust Devils : RHP Malik Johnson
Batting: RHB Chase Norris 0-0: Ball
1-0: Foul Ball, location: 2F
1-1: Swinging Strike
1-2: Fly out, F8 (Line Drive, 8RD, EV 91.2 MPH)
Batting: RHB Manny Robles 0-0: Ball
1-0: Ball
2-0: Ball
3-0: Called Strike
3-1: Base on Balls
Batting: RHB Roy Kincaid 0-0: Foul Ball, location: 2F
0-1: Called Strike
0-2: Ball
1-2: Fielders Choice at 2nd, 1-4 (Groundball, P, EV 71.9 MPH)
Batting: RHB Chris Cooley 0-0: Called Strike
0-1: Ball
1-1: Foul Ball, location: 2F
1-2: Ball
2-2: Ball
3-2: SINGLE (Groundball, 56D, EV 94.4 MPH)
Roy Kincaid to second
Roy Kincaid to third
Batting: SHB Nasson Vogel 0-0: Ball
Chris Cooley steals 2nd base (no throw)
1-0: Ball
2-0: Called Strike
2-1: Called Strike
2-2: Ball
3-2: Ground out 5-3 (Groundball, 56, EV 91.9 MPH)
Top of the 7th over - 0 runs, 1 hit, 0 errors, 2 left on base; Chicago A (SS-A) 0 - Tri-City 7
BOTTOM OF THE 7TH
Tri-City Dust Devils batting - Pitching for Chicago A (SS-A) White Sox : RHP Jeff Webb
Batting: RHB Ian Goldsmith 0-0: Ball
1-0: Ball
2-0: Ball
3-0: Called Strike
3-1: Ground out 5-3 (Groundball, 56, EV 81.2 MPH)
Batting: LHB Rodrigo Breaut 0-0: Ball
1-0: Called Strike
1-1: Reached on error, E6 (Groundball, 6, EV 100.0 MPH)
Batting: RHB Sergio Farias 0-0: Called Strike
0-1: Foul Ball, location: 2F
0-2: Hit by Pitch
Pinch Runner at 1st Roger (Eben) Long:
Batting: LHB Daniel Ascencio 0-0: Fielders Choice at 2nd, 6-4 (Groundball, 6, EV 101.2 MPH)
Rodrigo Breaut to third
Batting: RHB Craig Sturza 0-0: Ball
1-0: Ball
2-0: Called Strike
2-1: Called Strike
2-2: Strikes out swinging, 2-3 out at first.
Bottom of the 7th over - 0 runs, 0 hits, 1 error, 2 left on base; Chicago A (SS-A) 0 - Tri-City 7
TOP OF THE 8TH
Chicago A (SS-A) White Sox batting - Pitching for Tri-City Dust Devils : RHP Malik Johnson
Now in LF: Daniel Ascencio
Now in CF: Steve Glass
Batting: LHB Andy Bowers 0-0: Ball
1-0: Called Strike
1-1: Foul Ball, location: 2F
1-2: Fly out, F9 (Flyball, 9S, EV 89.4 MPH)
Batting: SHB Victor Jimenez 0-0: Foul Ball, location: 2F
0-1: Foul Ball, location: 2F
0-2: Foul Ball, location: 2F
0-2: Hit by Pitch
Pitching: RHP J.R. Maas
Batting: LHB James Michael 0-0: Ball
1-0: Swinging Strike
1-1: Ball
2-1: SINGLE (Line Drive, 6M, EV 104.4 MPH)
Victor Jimenez to second
Batting: RHB Jason King 0-0: Called Strike
0-1: Ball
1-1: Swinging Strike
1-2: Ball
2-2: Strikes out swinging
Batting: RHB Chase Norris 0-0: Ball
1-0: SINGLE (Groundball, 3D, EV 99.4 MPH)
Victor Jimenez to third
James Michael to second
Runner from 3rd tries for Home, SAFE, throw by RF to home
Batting: RHB Manny Robles 0-0: Ball
1-0: Foul Ball, location: 2F
1-1: Ball
2-1: Ball
3-1: Called Strike
3-2: Ground out 6-3 (Groundball, 6, EV 93.8 MPH)
Top of the 8th over - 1 run, 2 hits, 0 errors, 2 left on base; Chicago A (SS-A) 1 - Tri-City 7
BOTTOM OF THE 8TH
Tri-City Dust Devils batting - Pitching for Chicago A (SS-A) White Sox : RHP Jeff Webb
Batting: RHB Bill Anderson 0-0: Ball
1-0: Foul Ball, location: 2F
1-1: Ball
2-1: Ball
3-1: Called Strike
3-2: Ground out 6-3 (Groundball, 6, EV 91.2 MPH)
Batting: RHB Joe Coite 0-0: Ball
1-0: Fly out, F7 (Flyball, 7S, EV 89.4 MPH)
Batting: SHB David Perez 0-0: Swinging Strike
0-1: Fly out, F8 (Flyball, 89M, EV 86.9 MPH)
Bottom of the 8th over - 0 runs, 0 hits, 0 errors, 0 left on base; Chicago A (SS-A) 1 - Tri-City 7
TOP OF THE 9TH
Chicago A (SS-A) White Sox batting - Pitching for Tri-City Dust Devils : RHP J.R. Maas
Batting: RHB Roy Kincaid 0-0: Ball
1-0: Ground out 5-3 (Groundball, 5S, EV 81.9 MPH)
Batting: RHB Chris Cooley 0-0: Ball
1-0: Called Strike
1-1: Ground out 6-3 (Groundball, 56, EV 101.2 MPH)
Batting: SHB Nasson Vogel 0-0: Called Strike
0-1: Fly out, F7 (Flyball, 7D, EV 91.2 MPH)
Top of the 9th over - 0 runs, 0 hits, 0 errors, 0 left on base; Chicago A (SS-A) 1 - Tri-City 7
Monday, August 1st , 2022 - OOTP Baseball 23.5 Build 73